 Dungeon Crawl Stone Soup version 0.29.1-15-g9cfb28693d (webtiles) character file.

Game seed: 16781369916142148548

8617 promet the Thaumaturge (level 11, -3/58 HPs)
             Began as a Vine Stalker Wanderer on Mar 16, 2023.
             Was an Elder of Dithmenos.
             Slain by a sun demon (12 damage)
             ... summoned by a kobold demonologist
             ... on level 9 of the Dungeon.
             The game lasted 02:15:07 (17787 turns).

promet the Thaumaturge (Vine Stalker Wanderer)     Turns: 17787, Time: 02:15:08

Health: -3/58      AC: 12    Str: 14    XL:     11   Next: 33%
Magic:  0/24       EV: 13    Int: 18    God:    Dithmenos [****..]
Gold:   419        SH:  5    Dex: 20    Spells: 5/26 levels left

rFire   . . .      SeeInvis +   a - +5 great sword
rCold   . . .      Faith    .   (shield currently unavailable)
rNeg    . . .      Spirit   +   U - +0 acid dragon scales
rPois   .          Reflect  +   p - +1 helmet of Upro {rElec Regen+ Dex+7 SInv}
rElec   +          Harm     .   r - +2 cloak
rCorr   +          Rampage  .   (no gloves)
Will    ++...                   (no boots)
Stlth   ++++......              t - amulet of reflection
HPRegen 1.79/turn               k - ring of willpower
MPRegen 0.19/turn               D - +4 ring of slaying

@: wreathed by umbra
A: fangs 3, regeneration 1, magic shield, antimagic bite, no potion heal 2
a: Renounce Religion, Shadow Step


You were on level 9 of the Dungeon.
You worshipped Dithmenos.
Dithmenos was greatly pleased with you.
You visited 1 branch of the dungeon, and saw 9 of its levels.

You collected 509 gold pieces.
You spent 90 gold pieces at shops.

Inventory:

Hand Weapons
 a - a +5 great sword (weapon)
 b - a +0 shortbow
 c - a +2 short sword of draining
 d - a +0 hammer of holy wrath
 i - a +0 glaive
 q - a +2 whip of flaming
 w - a +5 dagger
 y - a +0 quarterstaff
 z - a +1 dagger of speed
 A - a +0 halberd
 C - a +2 flail of protection
 F - a +3 morningstar
 J - a +0 sling
 K - a +1 halberd
 L - a +1 vorpal hand axe
 M - a +0 club
 N - a +0 hand axe
 P - a +3 trident
 Q - a +3 falchion of freezing
 T - a +2 hammer of protection
Missiles
 e - 75 stones
 f - 8 poisoned darts (quivered)
Armour
 p - the +1 helmet of Upro (worn) {rElec Regen+ Dex+7 SInv}
   (You found it on level 2 of the Dungeon)

   Dex:       It affects your dexterity (+7).
   rElec:     It insulates you from electricity.
   SInv:      It lets you see invisible.
   Regen:     It increases your rate of health regeneration.
 r - a +2 cloak (worn)
 O - a +0 chain mail of willpower
 S - +0 steam dragon scales
 U - +0 acid dragon scales (worn)
Magical Staves
 j - a staff of cold
Jewellery
 k - a ring of willpower (left hand)
 t - an amulet of reflection (around neck)
 D - a +4 ring of slaying (right hand)
 G - the amulet "Kowus" {Spirit Dex+4}
   (You found it on level 8 of the Dungeon)

   [amulet of guardian spirit]

   It causes incoming damage to be divided between your reserves of health and
   magic.
   Dex:       It affects your dexterity (+4).
Wands
 l - a wand of polymorph (8)
 n - a wand of paralysis (14)
Scrolls
 u - 2 scrolls of magic mapping
 v - a scroll of fear
 E - 4 scrolls of identify
 I - 2 scrolls of poison
Potions
 g - 3 potions of heal wounds
 h - a potion of brilliance
 m - 2 potions of lignification
 o - a potion of curing
 s - a potion of ambrosia
 B - 2 potions of cancellation
 R - 2 potions of attraction


   Skills:
 * Level 7.1 Fighting
 + Level 2.8(3.6) Short Blades
 + Level 3.3(3.9) Long Blades
 + Level 1.1 Maces & Flails
 + Level 1.4 Polearms
 + Level 1.5 Ranged Weapons
 + Level 1.7 Throwing
 + Level 3.1 Armour
 + Level 3.5 Dodging
 + Level 5.3 Stealth
 + Level 1.7 Shields
 + Level 8.0 Spellcasting
 + Level 5.6 Conjurations
 + Level 4.6 Fire Magic
 + Level 4.3 Earth Magic
 * Level 0.4 Poison Magic
 + Level 2.5 Invocations
 + Level 3.0 Evocations


You had 5 spell levels left.
You knew the following spells:

 Your Spells              Type           Power      Damage    Failure   Level
a - Foxfire               Conj/Fire      100%       2x1d9     1%          1
b - Sandblast             Erth           44%        2d11      2%          1
c - Passwall              Tmut/Erth      12%        N/A       9%          2
d - Conjure Flame         Conj/Fire      25%        6-21      4%          3
e - Stone Arrow           Conj/Erth      50%        3d10      5%          3
f - Searing Ray           Conj           54%        2d6       1%          2
g - Flame Wave            Conj/Fire      25%        2d8       16%         4
h - Poisonous Vapours     Pois/Air       16%        N/A       19%         2
i - Ignite Poison         Fire/Tmut/Pois 13%        N/A       21%         3

Your spell library contained the following spells:

 Spells                   Type           Power      Damage    Failure   Level
 Magic Dart               Conj           100%       1d8       1%          1
 Shock                    Conj/Air       68%        1d7       4%          1
 Inner Flame              Hex/Fire       15%        N/A       16%         3
 Sticky Flame             Conj/Fire      25%        2d5       16%         4
 Ensorcelled Hibernation  Hex/Ice        14%        N/A       21%         2
 Sublimation of Blood     Necr           7%         N/A       21%         2
 Confusing Touch          Hex            7%         N/A       38%         3
 Summon Guardian Golem    Hex/Summ       7%         N/A       38%         3
 Fulminant Prism          Conj/Hex       8%         3d7       38%         4
 Corpse Rot               Necr/Pois/Air  7%         N/A       77%         4


Dungeon Overview and Level Annotations

Branches:
Dungeon (9/15)             Temple (0/1) D:5
   Lair: D:8-11         Orc: D:9-12

Altars:
Cheibriados
Dithmenos
Fedhas
Kikubaaqudgha
Makhleb
Sif Muna
Trog
Wu Jian
Zin
The Shining One

Shops:
D:7 =

Annotations:
D:3 2 transporters, roninjake's ghost, amateur DEAE
D:4 Pikel


Innate Abilities, Weirdness & Mutations

You have razor-sharp teeth.
Your natural rate of healing is unusually fast.
When hurt, damage is shared between your health and your magic reserves.
Your bite disrupts and absorbs the magic of your enemies.
Potions cannot restore your health.


Message History

There is a stone staircase leading down, spattered with blood here.
You start resting.
Magic restored.
There is a dry fountain here.
There is a stone staircase leading down here.
You climb downwards.
There is a stone staircase leading up, spattered with blood here.
There is a stone staircase leading up, spattered with blood here.
You see here a +0 whip.
There is an open door, spattered with blood here.
Things that are here:
a +0 troll leather armour; a +0 shortbow; a centaur skeleton Your +0 hammer of holy wrath stops glowing.
a - a +5 great sword (weapon)
You slice the kobold demonologist!!
Your bite misses the kobold demonologist.
The kobold demonologist is heavily wounded.
The kobold demonologist mumbles some strange words.
You closely miss the kobold demonologist.
The kobold demonologist is heavily wounded.
The kobold demonologist looks braver for a moment.
The kobold demonologist mumbles some strange words.
You miss the kobold demonologist. You bite the kobold demonologist!
The kobold demonologist's magic leaks into the air.
You drain its magic.
The kobold demonologist is severely wounded.
The sun demon closely misses you.
The kobold demonologist falters for a moment.
The sun demon hits you.
You are engulfed in flames!!
The sun demon barely misses you.
You barely miss the kobold demonologist.
Your bite misses the kobold demonologist.
The kobold demonologist is severely wounded.
The sun demon hits you!
You are engulfed in flames!!
The sun demon hits you.
* * * LOW HITPOINT WARNING * * *
You are engulfed in flames!
* * * LOW HITPOINT WARNING * * *
The kobold demonologist misses you. The sun demon closely misses you.
The sun demon hits you!
You die...

#.......?###.?...................
#........#.####..................
#........#....#..........###'###.
#........#....#.........## #.# ##
.........#....#.......^## #.# #
######...#.<..#.......## #.#
#...#..).#.......# #.#
#...####'#(3.....#####.#.
#........[K@.....'....#
#[........3......#####.
#................#
#####..........###'###
#.............##.)#..
##............##..# #..#
.............##..# #..#
.............#..# #..#
##...........#.# #..#


You could see 2 sun demons and a kobold demonologist (magic disrupted).

Vanquished Creatures
  A two-headed ogre (D:9)
  An ugly thing (D:8)
  2 cyclopes (D:9)
  2 meliai
  A hornet (D:8)
  Grinder (D:6)
  A wyvern (D:9)
  7 yaks
  Grum (D:8)
  3 steam dragons
  An acid dragon (D:9)
  3 water moccasins
  Duvessa (D:4)
  An orc warrior (D:8)
  An ice beast (D:6)
  2 black bears (D:5)
  4 wolves (D:8)
  A boggart (D:9)
  3 centaurs
  2 gnoll sergeants
  3 bullfrogs
  A necrophage (D:6)
  2 scorpions
  5 wights (D:8)
  Dowan (D:4)
  19 killer bees
  3 howler monkeys
  A jelly (D:6)
  7 orc priests
  4 hounds
  2 gnoll boudas
  Crazy Yiuf (D:4)
  3 iguanas
  8 orc wizards
  17 gnolls
  14 adders
  A shadow imp (D:8)
  3 white imps
  2 worms
  A dart slug (D:1)
  30 orcs
  8 bats
  9 endoplasms
  2 giant cockroaches
  6 goblins
  7 hobgoblins
  6 kobolds
  4 quokkas
  14 ball pythons
  3 frilled lizards
  4 rats
230 creatures vanquished.

Vanquished Creatures (collateral kills)
  3 foxfires
3 creatures vanquished.

Vanquished Creatures (others)
  513 foxfires
  5 fungi
  6 plants (D:1)
524 creatures vanquished.

Grand Total: 757 creatures vanquished

Notes
Turn   | Place    | Note
-------+----------+-------------------------------------------
     0 | D:1      | promet the Vine Stalker Wanderer began the quest for the
                  | Orb.
     0 | D:1      | promet set off with the following items: a +0 club, a
                  | potion of brilliance, a +0 robe, a +0 helmet; and the
                  | following spells available to memorise: Foxfire, Shock,
                  | Ensorcelled Hibernation, Sublimation of Blood, Stone Arrow,
                  | Summon Guardian Golem.
     0 | D:1      | Reached XP level 1. HP: 10/10 MP: 6/6
    20 | D:1      | Found a faded altar of an unknown god.
   228 | D:1      | Reached XP level 2. HP: 2/14 MP: 0/8
   518 | D:1      | Learned a level 1 spell: Foxfire
   686 | D:1      | Learned a level 1 spell: Sandblast
  1223 | D:1      | Reached skill level 1 in Maces & Flails
  1307 | D:1      | Reached XP level 3. HP: 18/18 MP: 10/10
  1975 | D:2      | Found a shadowy altar of Dithmenos.
  2012 | D:2      | Became a worshipper of Dithmenos the Shadowed
  2053 | D:2      | Identified the +1 helmet of Upro {rElec Regen+ Dex+7 SInv}
  2277 | D:2      | Reached skill level 1 in Fire Magic
  2277 | D:2      | Gained mutation: Your natural rate of healing is unusually
                  | fast. [Vine Stalker growth]
  2277 | D:2      | Reached XP level 4. HP: 22/22 MP: 7/11
  3165 | D:3      | Reached XP level 5. HP: 25/25 MP: 10/13
  3186 | D:3      | Found a transporter.
  3570 | D:3      | Reached skill level 5 in Spellcasting
  3595 | D:3      | Reached * piety under Dithmenos
  3658 | D:3      | Noticed roninjake's ghost (amateur DEAE)
  3667 | D:3      | Found a transporter.
  3801 | D:3      | Learned a level 2 spell: Passwall
  4347 | D:4      | Found a bloodstained altar of Trog.
  5106 | D:3      | Found the +3 woodcutter's axe {vorpal}
  5174 | D:3      | Reached XP level 6. HP: 30/30 MP: 10/14
  5601 | D:4      | Noticed Duvessa
  5604 | D:4      | Noticed Dowan
  6132 | D:4      | Killed Duvessa
  6144 | D:4      | Killed Dowan
  6145 | D:4      | Reached XP level 7. HP: 8/35 MP: 0/16
  6297 | D:4      | Found a runed translucent door.
  6298 | D:4      | Noticed Crazy Yiuf
  6488 | D:3      | Reached skill level 1 in Polearms
  6645 | D:4      | Learned a level 3 spell: Conjure Flame
  6649 | D:4      | Learned a level 3 spell: Stone Arrow
  6677 | D:4      | Found an ornate altar of the Wu Jian Council.
  6737 | D:4      | Found a shimmering blue altar of Sif Muna.
  6924 | D:4      | Reached skill level 1 in Earth Magic
  6963 | D:4      | Found a glowing golden altar of the Shining One.
  7083 | D:4      | Noticed Pikel
  7102 | D:5      | Entered Level 5 of the Dungeon
  7102 | D:5      | Found a shadowy altar of Dithmenos.
  7829 | D:5      | Gained mutation: You have razor-sharp teeth. [Vine Stalker
                  | growth]
  7829 | D:5      | Reached XP level 8. HP: 12/40 MP: 1/17
  8235 | D:5      | Found a snail-covered altar of Cheibriados.
  8254 | D:5      | Found a staircase to the Ecumenical Temple.
  8299 | D:5      | Reached ** piety under Dithmenos
  8572 | D:5      | Reached skill level 1 in Short Blades
  8785 | D:5      | Reached skill level 6 in Spellcasting
  9218 | D:5      | Found a burning altar of Makhleb.
  9289 | D:5      | Found Zin's Purification Station.
  9292 | D:5      | Found a glowing silver altar of Zin.
  9295 | D:5      | Bought a potion of curing for 90 gold pieces
 10254 | D:6      | Noticed Grinder
 10262 | D:6      | Killed Grinder
 10370 | D:6      | Reached XP level 9. HP: 43/45 MP: 15/19
 10679 | D:6      | Reached skill level 1 in Throwing
 11312 | D:7      | Found Weona's Jewellery Emporium.
 11451 | D:7      | Reached skill level 1 in Invocations
 11590 | D:7      | Reached skill level 5 in Stealth
 11597 | D:7      | Reached skill level 1 in Ranged Weapons
 11885 | D:7      | Found a blossoming altar of Fedhas.
 12835 | D:8      | Got the Folio of Vitriolic Execration
 13185 | D:8      | Reached skill level 7 in Spellcasting
 13188 | D:8      | Reached *** piety under Dithmenos
 13356 | D:8      | Reached skill level 5 in Fighting
 13684 | D:8      | Reached skill level 1 in Shields
 13834 | D:8      | Reached XP level 10. HP: 51/51 MP: 20/22
 13856 | D:8      | Noticed Grum
 13866 | D:8      | Killed Grum
 13932 | D:8      | Found an ancient bone altar of Kikubaaqudgha.
 13938 | D:8      | Reached skill level 5 in Conjurations
 14005 | D:8      | Identified the amulet "Kowus" {Spirit Dex+4}
 14472 | D:4      | Killed Crazy Yiuf
 14824 | D:9      | Reached skill level 1 in Evocations
 15251 | D:9      | Noticed a two-headed ogre
 15275 | D:9      | Killed a two-headed ogre
 15276 | D:9      | Reached skill level 1 in Long Blades
 15619 | D:9      | Noticed a kobold demonologist
 16201 | D:9      | Noticed a cyclops
 16286 | D:9      | Noticed a cyan ugly thing
 16329 | D:8      | Killed a cyan ugly thing
 16408 | D:9      | Noticed a cyclops
 16423 | D:8      | Reached XP level 11. HP: 53/58 MP: 13/23
 16719 | D:9      | Identified the +1 chain mail "Bingotep" {rElec Will+}
 16751 | D:9      | Noticed a skeletal warrior
 16822 | D:8      | Reached **** piety under Dithmenos
 16941 | D:8      | Learned a level 2 spell: Searing Ray
 16946 | D:8      | Learned a level 4 spell: Flame Wave
 17067 | D:9      | Paralysed by a hornet for 1 turns
 17070 | D:8      | Paralysed by a hornet for 2 turns
 17282 | D:9      | Noticed a sixfirhy
 17377 | D:9      | Reached skill level 8 in Spellcasting
 17407 | D:9      | Killed a cyclops
 17451 | D:9      | Learned a level 2 spell: Poisonous Vapours
 17455 | D:9      | Learned a level 3 spell: Ignite Poison
 17584 | D:9      | Killed a cyclops
 17785 | D:9      | Noticed a sun demon
 17786 | D:9      | Noticed a sun demon
 17787 | D:9      | Slain by a sun demon

Illustrated notes

Levels and vault maps discovered:
D:1:      dpeg_arrival_tiny_a, layout_rooms, shapermc_ecumenical_altar_ellora,
          nicolae_hexahallways, dreamdust_princess_bridge, serial_bayou_lagoon_b
D:2:      layout_rooms, basic_altar, minmay_snake_closets
D:3:      layout_basic, gammafunk_ghost_arena, pf_guarded_unrand_woodcutter
D:4:      layout_rooms, amcnicky_altar_gilded, mainiacjoe_overflow_paths,
          mainiacjoe_overflow_two_lobes, uniq_duvessa, uniq_crazy_yiuf_cottage,
          uniq_pikel
D:5:      layout_basic, zin_purify, lemuel_doored_altar,
          overflow_temple_1_default, grunt_dithmenos_smoke,
          minmay_temple_entry_stoned_glass, kennysheep_flooded_box
D:6:      layout_cave_pools, minmay_crossroads, uniq_grinder
D:7:      layout_loops_cross, fedhas_altar_fruit_tree, serial_shops,
          nicolae_inconvenience_store, kennysheep_decorative_pillar
D:8:      layout_loops_ring, kiku_gazebo_pond_becter, grunt_decor_clamped,
          uniq_grum
D:9:      minmay_the_grid_octo_triangle [minmay_the_grid_octo_tetromino_candy,
          minmay_the_grid_octo_prize_star, minmay_the_grid_octo_clover],
          layout_irregular_city, mainiacjoe_overflow_boulevard,
          lair_entry_dummy, enter_bailey_3, chequers_serial_rivers_marsh,
          nicolae_figureground_pulse

Skill      XL: |  1  2  3  4  5  6  7  8  9 10 11 |
---------------+----------------------------------+-----
Maces & Flails | 1 |  1.1
Fire Magic     | 1 2 3 4 |  4.6
Conjurations   | 2 3 4 5 |  5.6
Stealth        | 2 3 4 5 |  5.3
Spellcasting   | 5 6 7 8 |  8.0
Fighting       | 2 3 4 5 6 7 |  7.1
Polearms       | 1 |  1.4
Earth Magic    | 1 2 3 4 |  4.3
Dodging        | 2 3 |  3.5
Short Blades   | 2 |  2.8
Throwing       | 1 |  1.7
Invocations    | 2 |  2.5
Ranged Weapons | 1 |  1.5
Shields        | 1 |  1.7
Evocations     | 3 |  3.0
Long Blades    | 2 3 |  3.3
Armour         | 3 |  3.1
Poison Magic   | |  0.4

Action                   |  1- 3 |  4- 6 |  7- 9 | 10-12 || total
-------------------------+-------+-------+-------+-------++-------
Melee: Club              |    34 |       |       |       ||    34
       Bite              |    11 |    24 |    49 |    41 ||   125
       Dagger            |    16 |    40 |    60 |       ||   116
       Punch             |     1 |     1 |     2 |     1 ||     5
       Halberd           |       |    24 |       |       ||    24
       Short sword       |       |       |    75 |    36 ||   111
       Great sword       |       |       |       |    48 ||    48
       Glaive            |       |       |       |     6 ||     6
       Hand axe          |       |       |       |     4 ||     4
       Mace              |       |       |       |     4 ||     4
 Fire: Sling             |     1 |       |     1 |       ||     2
       Shortbow          |       |       |     6 |     5 ||    11
Throw: Dart              |       |     7 |     6 |     9 ||    22
 Cast: Foxfire           |    36 |    74 |   137 |    58 ||   305
       Sandblast         |     1 |     9 |    17 |    16 ||    43
       Stone Arrow       |       |       |    32 |    23 ||    55
       Searing Ray       |       |       |       |     1 ||     1
Evoke: Wand              |       |       |     2 |       ||     2
  Use: Scroll            |     8 |     4 |    13 |     8 ||    33
       Potion            |       |     1 |     1 |     5 ||     7
 Stab: Sleeping          |     2 |     6 |     3 |     3 ||    14
       Distracted        |     1 |       |     1 |       ||     2
       Invisible         |       |     1 |       |       ||     1
Armor: Robe              |    26 |    25 |    25 |       ||    76
       Leather armour    |       |       |     4 |       ||     4
       Steam dragon scal |       |       |     2 |     7 ||     9
       Acid dragon scale |       |       |       |    55 ||    55
Dodge: Dodged            |    38 |    97 |   180 |   154 ||   469
Block: Other             |       |       |    26 |    51 ||    77
       Reflection        |       |       |       |     3 ||     3
